 Dungeon Crawl Stone Soup version 0.30-a0-393-g54b8e3be05 (webtiles) character file.

Game seed: 12576557458384988828

261 Zsanart the Sneak (level 5, -3/25 HPs)
             Began as a Spriggan Enchanter on Dec 5, 2022.
             Was a Believer of Uskayaw.
             Slain by an iguana (8 damage)
             ... on level 4 of the Dungeon.
             The game lasted 00:08:34 (2889 turns).

Zsanart the Sneak (Spriggan Enchanter)              Turns: 2889, Time: 00:08:35

Health: -3/25      AC:  3    Str:  4    XL:     5   Next: 96%
Magic:  11/11      EV: 18    Int: 22    God:    Uskayaw [**....]
Gold:   123        SH:  0    Dex: 18    Spells: 8/10 levels left

rFire   . . .      SeeInvis +    n - +2 dagger (holy)
rCold   . . .      Faith    .    (no shield)
rNeg    . . .      Spirit   .    b - +1 robe
rPois   .          Reflect  .    (helmet restricted)
rElec   .          Harm     .    (no cloak)
rCorr   .          Rampage  .    (gloves unavailable)
Will    .....                    (boots unavailable)
Stlth   ++++......               (no amulet)
HPRegen 0.24/turn                m - +6 ring of intelligence
MPRegen 0.12/turn                (no ring)

@: very quick
A: very small, no large weapons, unfitting armour, see invisible, speed 3
a: Renounce Religion, Stomp, Line Pass


You were on level 4 of the Dungeon.
You worshipped Uskayaw.
Uskayaw was noncommittal.
You visited 1 branch of the dungeon, and saw 4 of its levels.

You collected 123 gold pieces.

Inventory:

Hand Weapons
 a - a +2 dagger
 n - a +2 dagger of holy wrath (weapon)
 o - a +2 short sword of speed
Missiles
 k - 5 poisoned darts (quivered)
Armour
 b - a +1 robe (worn)
Jewellery
 m - a +6 ring of intelligence (left hand)
Scrolls
 e - 2 scrolls of identify
 f - a scroll of amnesia {unknown}
 l - a scroll of summoning {unknown}
Potions
 c - 2 potions of invisibility
 d - a potion of resistance {unknown}
 g - a potion of cancellation {unknown}
 h - a potion of heal wounds {unknown}
 i - a potion of lignification {unknown}
 j - 2 potions of flight


   Skills:
 + Level 0.7 Fighting
 + Level 3.5 Short Blades
 + Level 3.5 Dodging
 + Level 6.6 Stealth
 + Level 3.3 Spellcasting
 + Level 4.5 Hexes
 + Level 0.8 Ice Magic


You had 8 spell levels left.
You knew the following spells:

 Your Spells              Type           Power      Damage    Failure   Level
a - Ensorcelled Hibernat  Hex/Ice        30%        N/A       6%          2

Your spell library contained the following spells:

 Spells                   Type           Power      Damage    Failure   Level
 Confusing Touch          Hex            23%        N/A       5%          3
 Tukima's Dance           Hex            23%        N/A       5%          3
 Sandblast                Erth           6%         2d5       12%         1
 Dazzling Flash           Conj/Hex       26%        N/A       14%         3
 Passwall                 Tmut/Erth      2%         N/A       19%         2
 Ignite Poison            Fire/Tmut/Pois 3%         N/A       34%         3
 Kindle Blastsparks       Fire/Tloc/Air  6%         2d10      34%         3
 Stone Arrow              Conj/Erth      6%         3d7       34%         3
 Freezing Cloud           Conj/Ice/Air   2%         6-21      96%         5


Dungeon Overview and Level Annotations

Branches:
Dungeon (4/15)
 Temple: D:4-7

Altars:
Uskayaw
Vehumet
Xom


Innate Abilities, Weirdness & Mutations

You are very small and have problems with some larger weapons.
You are too small for most types of armour.
You have supernaturally acute eyesight. (SInv)
You cover ground extremely quickly. (Speed+++)


Message History

An orc comes into view. It is wielding a +0 falchion.
An orc comes into view. It is wielding a +0 whip.
A ball python comes into view.
An orc, a giant cockroach and a dart slug come into view.
The orc shouts! x3; You hear an angry hiss.
An iguana comes into view.
The orc hits you with a +0 falchion.
The orc moves out of view.
You hear a shout!
You hit the orc.
The orc is almost dead.
The orc misses you.
A necrophage comes into view.
You hit the orc.
You kill the orc!
An orc comes into view. It is wielding a +0 hand axe.
You barely miss the orc. The orc closely misses you.
You hit the orc.
The orc is heavily wounded.
You can now pass through a line of other dancers.
You hit the iguana.
The iguana is moderately wounded.
The orc hits you with a +0 whip. The iguana bites you!
You hit the iguana.
The iguana is moderately wounded.
The orc closely misses you.
An endoplasm comes into view.
The iguana completely misses you.
You hit the iguana.
The iguana is heavily wounded.
The orc hits you with a +0 whip. The iguana bites you.
* * * LOW HITPOINT WARNING * * *
You hit the iguana.
The iguana is heavily wounded.
You completely miss the iguana.
The iguana is heavily wounded.
The orc completely misses you. The iguana misses you.
You completely miss the iguana.
The iguana is heavily wounded.
The orc misses you. The iguana bites you!
You die... ........# .......# .w....# .....# .nB.# ooS

#o# #o# #@# #l##
##..##
#####..†.###
............##
######....#.....
#.#.##.##.#
...#.##.#
#..###....#


You could see a necrophage, an iguana, 4 orcs, a giant cockroach and a ball
python.

Vanquished Creatures
  3 orc priests
  2 orc wizards
  7 adders
  6 orcs
  5 ball pythons
  6 bats
  4 endoplasms
  2 giant cockroaches
  5 goblins
  5 hobgoblins
  3 jackals (D:3)
  A quokka (D:4)
  2 frilled lizards
  5 kobolds
  5 rats
61 creatures vanquished.

Vanquished Creatures (others)
  An orc wizard (D:4)
  An endoplasm (D:4)
2 creatures vanquished.

Grand Total: 63 creatures vanquished

Notes
Turn   | Place    | Note
-------+----------+-------------------------------------------
     0 | D:1      | Zsanart the Spriggan Enchanter began the quest for the Orb.
     0 | D:1      | Reached XP level 1. HP: 9/9 MP: 5/5
   173 | D:1      | Reached XP level 2. HP: 11/13 MP: 6/6
  1015 | D:2      | Reached skill level 5 in Stealth
  1015 | D:2      | Reached XP level 3. HP: 7/16 MP: 8/8
  1156 | D:2      | Learned a level 2 spell: Ensorcelled Hibernation
  1711 | D:2      | Found a shimmering altar of Xom.
  2048 | D:3      | Reached XP level 4. HP: 21/21 MP: 4/9
  2286 | D:3      | Reached XP level 5. HP: 24/24 MP: 10/10
  2466 | D:3      | Noticed a +0 falchion
  2466 | D:3      | Noticed a +0 spear
  2467 | D:3      | Noticed a +0 short sword
  2467 | D:3      | Noticed a +0 falchion
  2467 | D:3      | Noticed a +0 dagger
  2467 | D:3      | Noticed a +0 short sword
  2467 | D:3      | Noticed a +0 spear
  2468 | D:3      | Noticed a +0 dagger
  2471 | D:3      | Found a hide-covered altar of Uskayaw.
  2491 | D:3      | Became a worshipper of Uskayaw the Reveller
  2505 | D:3      | Reached * piety under Uskayaw
  2656 | D:4      | Reached ** piety under Uskayaw
  2657 | D:4      | Reached skill level 6 in Stealth
  2805 | D:4      | Found a radiant altar of Vehumet.
  2889 | D:4      | Slain by an iguana

Illustrated notes

Levels and vault maps discovered:
D:1:      dpeg_arrival_line_fractal, layout_basic
D:2:      layout_loops_corners, basic_altar
D:3:      layout_loops_ring, nicolae_uskayaw_en_pointe
D:4:      layout_rooms, fiery_altar_vehumet, mainiacjoe_overflow_six_doors_small

Skill      XL: |  1  2  3  4  5 |
---------------+----------------+-----
Hexes          | 4 |  4.5
Stealth        | 5 6 |  6.6
Short Blades   | 2 3 |  3.5
Dodging        | 3 |  3.5
Spellcasting   | 3 |  3.3
Fighting       | |  0.7
Ice Magic      | |  0.8

Action                   |  1- 3 |  4- 6 || total
-------------------------+-------+-------++-------
Melee: Dagger            |   115 |    81 ||   196
 Cast: Ensorcelled Hiber |     6 |     6 ||    12
  Use: Scroll            |     7 |       ||     7
 Stab: Sleeping          |     7 |    12 ||    19
       Distracted        |     1 |     1 ||     2
Armor: Robe              |    12 |     8 ||    20
Dodge: Dodged            |    83 |    48 ||   131

Table legend: (Time is in decaauts)
 A = Elapsed time spent in this place.
 B = Non-inter-level travel time spent in this place.
 C = Inter-level travel time spent in this place.
 D = Time resting spent in this place.
 E = Time spent auto-exploring this place.
 F = Levels seen in this place.
 G = Mean time per level.
                   A        B        C        D        E       F      G
               +--------+--------+--------+--------+--------+-----+--------+
         Total |   1990 |   1911 |     79 |    300 |   1145 |   4 |  497.5 |
       Dungeon |   1990 |   1911 |     79 |    300 |   1145 |   4 |  497.5 |
               +--------+--------+--------+--------+--------+-----+--------+

Top non-repeatable levels by time:
     D:3: 657 daAuts
     D:2: 648 daAuts
     D:1: 545 daAuts
     D:4: 139 daAuts
